 Dungeon Crawl Stone Soup version 0.30.1-11-g7821555f0a (webtiles) character file.

Game seed: 8564578036489159606

46 SacredBeard the Grave Robber (level 3, -2/25 HPs)
             Began as a Demonspawn Necromancer on Nov 3, 2023.
             Slain by a gnoll
             ... wielding a +0 spear
              (5 damage)
             ... on level 2 of the Dungeon.
             The game lasted 00:06:14 (1328 turns).

SacredBeard the Grave Robber (DsNe)                 Turns: 1328, Time: 00:06:16

Health: -2/25      AC:  2    Str:  8    XL:     3   Next: 44%
Magic:  3/6        EV: 12    Int: 16    God:
Gold:   19         SH:  9    Dex: 15    Spells: 5/6 levels left

rFire   . . .        d - +0 dagger
rCold   . . .        (no shield)
rNeg    . . .        a - +0 robe
rPois   .            (no helmet)
rElec   .            (no cloak)
rCorr   .            (no gloves)
SInv    .            (no boots)
Will    .....        j - amulet of reflection
Stlth   ++           (no ring)
HPRegen 0.24/turn    (no ring)
MPRegen 0.10/turn

%: reflection
@: no status effects
A: demonic guardian 1, condensation shield
a: no special abilities


You were on level 2 of the Dungeon.
You visited 1 branch of the dungeon, and saw 2 of its levels.

You collected 39 gold pieces.
You spent 20 gold pieces at shops.

Inventory:

Hand Weapons
 d - a +0 dagger (weapon)
Armour
 a - a +0 robe (worn)
Jewellery
 j - an amulet of reflection (around neck)
Scrolls
 g - a scroll of fear {unknown}
 i - a scroll of acquirement {unknown}
 k - 3 scrolls of enchant weapon {unknown}
Potions
 b - a potion of magic
 c - a potion of curing
 e - a potion of invisibility {unknown}
 f - a potion of heal wounds {unknown}
 h - a potion of berserk rage {unknown}


   Skills:
 + Level 0.8 Fighting
 + Level 0.5 Long Blades
 + Level 0.9 Armour
 + Level 2.0 Dodging
 + Level 2.1 Stealth
 + Level 2.4 Spellcasting
 + Level 4.5 Necromancy


You had 5 spell levels left.
You knew the following spells:

 Your Spells              Type           Power      Damage    Failure   Level
a - Necrotise             Necr           64%        1d7       3%          1

Your spell library contained the following spells:

 Spells                   Type           Power      Damage    Failure   Level
 Vampiric Draining        Necr           16%        2d7       9%          3
 Animate Dead             Necr           16%        N/A       30%         4
 Ozocubu's Armour         Ice            1%         N/A       52%         3
 Agony                    Necr           16%        N/A       63%         5
 Metabolic Englaciation   Hex/Ice        0%         N/A       99%         5
 Simulacrum               Ice/Necr       4%         N/A       100%        6


Dungeon Overview and Level Annotations

Branches:
Dungeon (2/15) Zot: 10671

Altars:

Shops:
D:1 ??


Innate Abilities, Weirdness & Mutations

A weak demonic guardian rushes to your aid.
A meltable shield of frost defends you. (SH +4)


Message History

You miscast Necrotise.
You are very lightly contaminated with residual magic.
Nothing appears to happen.
The gnoll completely misses you. You block the gnoll's attack.
You block the gnoll's attack.
You barely miss the gnoll. You punch the gnoll, but do no damage.
The gnoll barely misses you.
You hit the gnoll but do no damage. The gnoll hits you with a +0 halberd!
You hit the gnoll but do no damage. You block the gnoll's attack.
The gnoll completely misses you.
Your magical contamination has completely faded away.
You barely miss the gnoll. You block the gnoll's attack. x2
You hit the gnoll but do no damage.
The gnoll hits you from afar with a +0 spear.
The gnoll closely misses you.
You hit the gnoll.
The gnoll is lightly wounded.
The gnoll closely misses you. x2
You hit the gnoll.
The gnoll is moderately wounded.
The gnoll hits you from afar with a +0 spear.
* * * LOW HITPOINT WARNING * * *
You block the gnoll's attack.
You hit the gnoll.
The gnoll is heavily wounded.
You block the gnoll's attack. The gnoll closely misses you.
You completely miss the gnoll.
The gnoll is heavily wounded.
The gnoll hits you from afar with a +0 spear.
* * * LOW HITPOINT WARNING * * *
A demonic guardian appears!
The gnoll barely misses you.
Casting: Necrotise (safe; 3% risk of failure)
Confirm with . or Enter, or press ? or * to list all spells.
Aiming: Necrotise (safe; 3% risk of failure)
Press: ? - help, Shift-Dir - straight line, f/p - gnoll
Aim: a gnoll, wielding a +0 halberd (heavily wounded, ally target, chance to affect: 80%)
The gnoll barely resists.
Your ufetubus hits the gnoll. x2
The gnoll dies!
The gnoll hits you from afar with a +0 spear.
You die...

......# #.#....##################
.#.##.###.#.............#........
...##.)......#.#.##.....#.#####..
.#.######.#..#.#.##.###.#.######.
##<.......#..#.#.##.g..g.g.......
###########....#.##..##.#.#######
# #..###5g......#.# # ## #..#
#)##..##.#[. .. .##
#..###@##.....#### ##. ..##
###......###.#### #.. ...##
##.##.##### #.. #...
....####...#.#########. ....
....+>.....<........ ..
....####...#.####### .. ...##
##.##.# ..## ####.### . (##
##.....# g##


You could see a gnoll and a friendly ufetubus (summoned).

Vanquished Creatures
  A gnoll (D:2)
  A dart slug (D:2)
  2 bats (D:1)
  An endoplasm (D:1)
  A giant cockroach (D:1)
  2 hobgoblins
  A jackal (D:1)
  3 quokkas
  3 ball pythons (D:1)
  4 goblins
  4 kobolds (D:1)
  3 rats
26 creatures vanquished.

Vanquished Creatures (collateral kills)
  A gnoll (D:2)
  An endoplasm (D:1)
  A goblin (D:1)
  A jackal (D:1)
4 creatures vanquished.

Grand Total: 30 creatures vanquished

Notes
Turn   | Place    | Note
-------+----------+-------------------------------------------
     0 | D:1      | SacredBeard the Demonspawn Necromancer began the quest for
                  | the Orb.
     0 | D:1      | Reached XP level 1. HP: 13/13 MP: 3/3
   150 | D:1      | Gained mutation: A weak demonic guardian rushes to your
                  | aid. [demonic ancestry]
   150 | D:1      | Reached XP level 2. HP: 8/19 MP: 3/5
   197 | D:1      | Found Eggitiod's Magic Scroll Boutique.
   371 | D:1      | Found Gicacw's Magic Scroll Boutique.
   401 | D:1      | Bought a scroll of identify for 20 gold pieces
   633 | D:1      | Gained mutation: A meltable shield of frost defends you.
                  | (SH +4) [demonic ancestry]
   633 | D:1      | Reached XP level 3. HP: 25/25 MP: 3/6
  1328 | D:2      | Slain by a gnoll

Illustrated notes

Levels and vault maps discovered:
D:1:      wheals_arrival_linesprint, layout_rooms, serial_shops,
          nicolae_square_shop, nicolae_diamond_shop
D:2:      layout_loops_corners, uniq_crazy_yiuf_cottage

Skill      XL: |  1  2 |
---------------+-------+-----
Stealth        | 2 |  2.1
Dodging        | 2 |  2.0
Fighting       | |  0.8
Long Blades    | |  0.5
Armour         | |  0.9
Spellcasting   | |  2.4
Necromancy     | |  4.5

Action                     || total
---------------------------++-------
  Melee: Unarmed           ||    12
         Dagger            ||    61
         Punch             ||     1
   Cast: Necrotise         ||    40
    Use: Scroll            ||     1
   Stab: Sleeping          ||     1
 Armour: Robe              ||     6
  Dodge: Dodged            ||    50
  Block: Other             ||    29
